 Dungeon Crawl Stone Soup version 0.12.2-12-gd1dd697 (webtiles) character file.

565 Haza the Gusty (level 6, 0/33 HPs)
             Began as a Tengu Air Elementalist on July 23, 2013.
             Killed themself with a bounced zap (6 damage)
             ... on Level 4 of the Dungeon.
             The game lasted 00:17:34 (5103 turns).

Haza the Gusty (Tengu Air Elementalist)             Turns: 5103, Time: 00:17:34

HP   0/33        AC  3     Str 10      XL: 6   Next: 63%
MP   9/13        EV 13     Int 14 (16) God:
Gold 209         SH  0     Dex 14      Spells:  1 memorised,  8 levels left

Res.Fire  : . . .   See Invis. : .   m - +0,+1 halberd
Res.Cold  : . . .   Warding    : .   a - +0 robe
Life Prot.: . . .   Conserve   : .   (no shield)
Res.Poison: .       Res.Corr.  : .   (helmet restricted)
Res.Elec. : .       Clarity    : .   (no cloak)
Sust.Abil.: . .     Spirit.Shd : .   h - +0 pair of gauntlets
Res.Mut.  : .       Stasis     : .   (boots unavailable)
Res.Rott. : .       Ctrl.Telep.: .   (no amulet)
Saprovore : . . .   Flight     : .   (no ring)
                                     (no ring)

@: slightly resistant to hostile enchantments, fairly stealthy
A: able to fly, beak, talons 3
a: Fly


You were on level 4 of the Dungeon.
You were not hungry.

You visited 1 branch of the dungeon, and saw 4 of its levels.

You collected 189 gold pieces.

Inventory:

Hand weapons
 m - a +0,+1 halberd (weapon)
Armour
 a - a +0 robe (worn)
 h - a +0 pair of gauntlets (worn)
Comestibles
 f - 3 meat rations
 k - a bread ration
 r - a choko
 s - a rotting chunk of rat flesh
Scrolls
 c - a scroll of curse weapon {unknown}
 d - 7 scrolls of identify {unknown}
 e - a scroll of enchant weapon II {unknown}
 g - a scroll of fear {unknown}
 j - a scroll of curse jewellery {unknown}
 l - a scroll of enchant armour {unknown}
 n - 2 scrolls of magic mapping {unknown}
 p - a scroll of remove curse {unknown}
Potions
 i - a potion of curing
 o - a potion of resistance {unknown}
 q - a potion of agility {unknown}
Books
 b - a book of Air

   Spells                             Type                      Level
   *Shock                             Conjuration/Air              1
   Swiftness                          Charms/Air                   2
   Repel Missiles                     Charms/Air                   2
   Flight                             Charms/Air                   3
   Static Discharge                   Conjuration/Air              3
   Lightning Bolt                     Conjuration/Air              5


   Skills:
 + Level 1.5 Fighting
 + Level 0.2 Polearms
 + Level 1.4 Armour
 + Level 3.6 Dodging
 + Level 2.7 Stealth
   Level 0.8 Shields
 + Level 1.7 Traps
 + Level 2.1 Spellcasting
 + Level 3.0 Conjurations
 + Level 5.8 Air Magic


You had 8 spell levels left.
You knew the following spells:

 Your Spells              Type           Power        Failure   Level  Hunger
a - Shock                 Conj/Air       ###..        4%          1    ##.....


Dungeon Overview and Level Annotations

Branches:
Dungeon (4/27)
 Temple: D:4-7

Altars:


Innate Abilities, Weirdness & Mutations

You can fly.
You have a beak for a mouth.
You have claws for feet.


Message History

Casting: Shock
Confirm with . or Enter, or press ? or * to list all spells.
Aiming: Shock
Press: ? - help, Shift-Dir - straight line, f/p - worker ant
Aim: a worker ant (severely wounded) That beam is likely to hit you.
Continue anyway?
You miscast Shock.
Nothing appears to happen.
The worker ant completely misses you.
Casting: Shock
Confirm with . or Enter, or press ? or * to list all spells.
Aiming: Shock
Press: ? - help, Shift-Dir - straight line, f/p - worker ant
Aim: a worker ant (severely wounded) That beam is likely to hit you.
Continue anyway?
The zap hits the worker ant.
The worker ant is severely wounded.
The zap hits the worker ant.
The worker ant is almost dead.
The zap hits you!
You die...

.........#
?........####.#
#.......%......?.
#.........#.#
.......#.##.##
##### #.....#
#.....# #
#..a..#.#
#..@....#
####.#### #.# #.#
#######.# ###
#.......#
##.......
#.#####.#
#......... #.#
#.# #.........#
#.# #.#
#.........#


You could see a worker ant.

Vanquished Creatures
  4 worker ants
  Ijyb (D:2)
  Jessica (D:3)
  3 adders
  7 gnolls (D:3)
  2 giant mites (D:3)
  An inept feature mimic (D:3)
  2 worms
  5 giant geckos
  An ooze (D:3)
  8 orcs
  5 giant cockroaches
  11 hobgoblins
  2 jackals (D:3)
  A quokka (D:2)
  8 bats
  5 giant newts
  11 goblins
  13 kobolds
  4 rats
95 creatures vanquished.

Vanquished Creatures (others)
  A ball python (D:2)
  A goblin (D:1)
  2 rats
4 creatures vanquished.

Grand Total: 99 creatures vanquished

Notes
Turn   | Place    | Note
--------------------------------------------------------------
     0 | D:1      | Haza, the Tengu Air Elementalist, began the quest for the Orb.
     0 | D:1      | Reached XP level 1. HP: 10/10 MP: 3/3
   408 | D:1      | Reached XP level 2. HP: 10/15 MP: 0/5
  1186 | D:1      | Reached XP level 3. HP: 5/19 MP: 1/6
  1971 | D:2      | Noticed Ijyb
  1986 | D:2      | Killed Ijyb
  1986 | D:2      | Reached XP level 4. HP: 20/24 MP: 0/8
  2061 | D:2      | Reached skill level 5 in Air Magic
  2885 | D:3      | Reached XP level 5. HP: 5/28 MP: 1/10
  3316 | D:3      | Noticed Jessica
  3321 | D:3      | Killed Jessica
  3404 | D:3      | Reached skill level 1 in Traps
  3583 | D:3      | Reached skill level 1 in Fighting
  4122 | D:3      | Reached skill level 1 in Armour
  4138 | D:3      | Reached XP level 6. HP: 32/32 MP: 11/13
  5103 | D:4      | Killed themself with a bounced zap

Action                   |  1- 3 |  4- 6 || total
-------------------------+-------+-------++-------
Melee: Unarmed           |    24 |       ||    24
       Dagger            |    29 |    19 ||    48
       Mace              |       |     7 ||     7
       Halberd           |       |    32 ||    32
 Cast: Shock             |    60 |   134 ||   194
  Use: Potion            |       |     4 ||     4
 Stab: Sleeping          |       |     1 ||     1
